 Dungeon Crawl Stone Soup version 0.29.1-15-g9cfb28693d (webtiles) character file.

Game seed: 15491394018348821358

14802 pokedragonboy the Fighter (level 12, 102/102 HPs)
             Began as a Formicid Fighter on Mar 12, 2023.
             Was a High Priest of Zin.
             Quit the game on level 10 of the Dungeon.
             The game lasted 00:17:19 (11509 turns).

pokedragonboy the Fighter (Formicid Fighter)       Turns: 11509, Time: 00:17:20

Health: 102/102    AC: 15    Str: 26    XL:     12   Next: 49%
Magic:  20/20      EV:  8    Int:  8    God:    Zin [*****.]
Gold:   592        SH:  7    Dex: 13    Spells: 11/11 levels left

rFire   . . .      SeeInvis +   a - +0 war axe
rCold   . . .      Faith    .   c - +0 buckler
rNeg    . . .      Spirit   .   G - +0 chain mail
rPois   .          Reflect  .   (helmet unavailable)
rElec   .          Harm     .   f - +0 cloak
rCorr   .          Rampage  .   (no gloves)
Will    +....                   j - +1 pair of boots
Stlth   ..........              (no amulet)
HPRegen 0.27/turn               (no ring)
MPRegen 0.17/turn               (no ring)

@: no status effects
A: permanent stasis, dig shafts and tunnels, antennae 3, four strong arms,
passive freeze
a: Dig, Shaft Self, Renounce Religion, Recite, Vitalisation, Imprison,
Sanctuary, Donate Gold


You were on level 10 of the Dungeon.
You worshipped Zin.
Zin was extremely pleased with you.
You visited 2 branches of the dungeon, and saw 11 of its levels.

You collected 820 gold pieces.
You spent 28 gold pieces at shops.
You donated 200 gold pieces to Zin.

Inventory:

Hand Weapons
 a - a +0 war axe (weapon)
Missiles
 m - 2 datura-tipped darts
Armour
 c - a +0 buckler (worn)
 f - a +0 cloak (worn)
 j - a +1 pair of boots (worn)
 G - a +0 chain mail (worn)
Jewellery
 k - a ring of ice
 A - a ring of protection from cold
 D - a ring of wizardry
Wands
 F - a wand of roots (7)
Scrolls
 b - a scroll of silence {unknown}
 g - a scroll of noise {unknown}
 h - 2 scrolls of magic mapping {unknown}
 l - a scroll of amnesia {unknown}
 u - 3 scrolls of enchant weapon
 v - a scroll of summoning {unknown}
 y - 2 scrolls of enchant armour
 B - 9 scrolls of identify
 C - a scroll of poison {unknown}
 H - a scroll of fear {unknown}
Potions
 d - 3 potions of might
 e - 2 potions of berserk rage
 i - 4 potions of lignification
 n - 4 potions of attraction
 o - a potion of resistance {unknown}
 p - a potion of cancellation {unknown}
 q - 2 potions of ambrosia {unknown}
 r - a potion of brilliance {unknown}
 s - 5 potions of curing
 t - 3 potions of heal wounds
 w - a potion of invisibility {unknown}
 x - 3 potions of mutation
 z - a potion of degeneration {unknown}
 E - a potion of haste {unknown}


   Skills:
 * Level 12.0 Fighting
 * Level 11.4 Axes
 + Level 9.3 Armour
 + Level 11.0 Shields
 * Level 11.6 Invocations


You had 11 spell levels left.
You didn't know any spells.
Your spell library contained the following spells:

 Spells                   Type           Power      Damage    Failure   Level
 Apportation              Tloc           0%         N/A       94%         1
 Necrotise                Necr           0%         1d4       94%         1
 Gell's Gravitas          Tloc           0%         N/A       100%        3
 Ozocubu's Armour         Ice            0%         N/A       100%        3
 Teleport Other           Tloc           0%         N/A       100%        3
 Tukima's Dance           Hex            0%         N/A       100%        3
 Vampiric Draining        Necr           0%         2d6       100%        3
 Passage of Golubria      Tloc           0%         N/A       100%        4
 Agony                    Necr           0%         N/A       100%        5
 Alistair's Intoxication  Tmut/Pois      0%         N/A       100%        5
 Silence                  Hex/Air        0%         N/A       100%        5
 Yara's Violent Unravell  Hex/Tmut       0%         3d3       100%        5
 Dispersal                Tloc           0%         N/A       100%        6
 Malign Gateway           Summ/Tloc      0%         N/A       100%        7
 Ozocubu's Refrigeration  Ice            0%         4d7       100%        7
 Lehudib's Crystal Spear  Conj/Erth      0%         10d2      100%        8
 Summon Horrible Things   Summ           0%         N/A       100%        8


Dungeon Overview and Level Annotations

Branches:
Dungeon (10/15)            Temple (1/1) D:5            Lair (0/5) D:8
    Orc: D:9-12

Altars:
Ashenzari
Cheibriados
Dithmenos
Elyvilon
Fedhas
Gozag
Hepliaklqana
Kikubaaqudgha
Makhleb
Nemelex Xobeh
Okawaru
Qazlal
Ru
Sif Muna
Trog
Uskayaw
Vehumet
Wu Jian
Xom
Yredelemnul
Zin
The Shining One

Shops:
D:4 *[(==   D:10 =

Annotations:
D:9 2 transporters


Innate Abilities, Weirdness & Mutations

You cannot be hasted, slowed, berserked, paralysed or teleported.
You can dig through walls and to a lower floor.
You have a pair of large antennae on your head. (SInv)
Your four strong arms can wield two-handed weapons with a shield.
A frigid envelope surrounds you and freezes all who hurt you.


Message History

You pay a tithe of 1 gold.
You now have 555 gold pieces (gained 7).
There is a stone staircase leading down here.
You open the door.
There is an open door here.
Found a flail.
Found Luss's Jewellery Boutique.
You open the door.
There is an open door here.
You see here a +0 flail.
There is an entrance to Luss's Jewellery Boutique here.
Shopping list: replace 325gp ring of protection from fire on D:4 with cheaper one? (Y/n) [Y]es or [N]o only, please.
Shopping list: replace 325gp ring of protection from fire on D:4 with cheaper one? (Y/n)
You can access your shopping list by pressing '$'.
You open the door.
There is an open door here.
Found a stone staircase leading down.
s - 5 potions of curing (gained 1)
Found an iron altar of Okawaru.
You pay a tithe of 2 gold.
You now have enough gold to buy the amulet "Faogin Pajie" {Acrobat rPois Int+7 Dex-2} on this level.
You can access your shopping list by pressing '$'.
You now have 573 gold pieces (gained 18).
There is an open door here.
You open the door.
There is an open door here.
You open the door.
Found a stone staircase leading down.
There is an open door here.
There is a stone staircase leading down here.
As you open the door, it creaks loudly!
There is an open door here.
You pay a tithe of 2 gold.
You now have 592 gold pieces (gained 19).
There is an open door here.
There is an open door here.
Done exploring.
Done exploring.
Done exploring.
Are you sure you want to abandon this character and quit the game? (Confirm with "yes".)

#..#####.### #<.#####.#
#######..##....#
#.....#..##.##.##
####.....#..##.#...##
####........#......._...
#..............####...#.
#..............# ##.##.
#......@.......# #....
###########....# #.###
#....#####.###
###...#..#....
#...#..#....
#...#..#....
#...#..#....
#...#..#....
#...#..#....


There were no monsters in sight!

Vanquished Creatures
  2 trolls (D:10)
  Grinder (D:4)
  A hornet (D:7)
  Prince Ribbit (D:8)
  Sigmund (D:4)
  4 wyverns
  15 yaks
  Grum (D:10)
  A steam dragon (D:7)
  An acid dragon (D:10)
  5 water moccasins
  2 orc warriors
  An ice beast (D:6)
  A sky beast (D:7)
  A black bear (D:5)
  4 wolves (D:10)
  A phantom (D:5)
  2 ogres
  3 centaurs
  2 kobold brigands
  A gnoll sergeant (D:7)
  A bullfrog (D:9)
  A scorpion (D:8)
  3 wights (D:6)
  5 killer bees (D:7)
  A howler monkey (D:8)
  Crazy Yiuf (D:3)
  A gnoll bouda (D:7)
  5 orc priests
  2 hounds
  5 iguanas
  4 orc wizards
  Robin (D:4)
  11 gnolls (D:7)
  6 adders
  2 shadow imps
  5 worms
  2 dart slugs
  17 orcs
  4 ball pythons
  4 endoplasms
  A giant cockroach (D:1)
  8 goblins
  11 hobgoblins
  3 jackals (D:1)
  2 quokkas
  3 bats
  A frilled lizard (D:3)
  14 kobolds
  4 rats
179 creatures vanquished.

Vanquished Creatures (others)
  An orc (D:10)
  3 fungi (D:8)
  18 plants
22 creatures vanquished.

Grand Total: 201 creatures vanquished

Notes
Turn   | Place    | Note
-------+----------+-------------------------------------------
     0 | D:1      | pokedragonboy the Formicid Fighter began the quest for the
                  | Orb.
     0 | D:1      | Reached XP level 1. HP: 18/18 MP: 1/1
   228 | D:1      | Reached XP level 2. HP: 10/24 MP: 2/2
  1242 | D:2      | Reached XP level 3. HP: 11/29 MP: 3/3
  2278 | D:3      | Found a hide-covered altar of Uskayaw.
  2450 | D:3      | Reached XP level 4. HP: 35/37 MP: 4/4
  2986 | D:3      | Found a runed translucent door.
  2993 | D:3      | Noticed Crazy Yiuf
  3001 | D:3      | Killed Crazy Yiuf
  3142 | D:4      | Found Quusyse's Jewellery Shop.
  3142 | D:4      | Found Riweet Zeyri's Jewellery Boutique.
  3314 | D:4      | Noticed Sigmund
  3337 | D:4      | Killed Sigmund
  3338 | D:4      | Reached skill level 4 in Fighting
  3338 | D:4      | Reached skill level 5 in Shields
  3338 | D:4      | Reached XP level 5. HP: 24/43 MP: 5/5
  3338 | D:4      | Reached XP level 6. HP: 28/49 MP: 6/6
  3685 | D:4      | Noticed Robin
  3702 | D:4      | Killed Robin
  3972 | D:4      | Found a bloodstained altar of Trog.
  4012 | D:4      | Found Doescher's Armour Shoppe.
  4104 | D:4      | Reached XP level 7. HP: 50/55 MP: 7/7
  4130 | D:4      | Found Ytolia's Weapon Shoppe.
  4272 | D:4      | Found Keis Nishra's General Store.
  4280 | D:4      | Bought a scroll of identify for 28 gold pieces
  4471 | D:4      | Noticed Grinder
  4515 | D:4      | Killed Grinder
  4516 | D:4      | Reached skill level 5 in Fighting
  4516 | D:4      | Reached skill level 5 in Axes
  4516 | D:4      | Reached skill level 5 in Armour
  4844 | D:5      | Entered Level 5 of the Dungeon
  4906 | D:5      | Noticed a water moccasin
  4915 | D:5      | Killed a water moccasin
  4916 | D:5      | Reached XP level 8. HP: 26/62 MP: 8/8
  5231 | D:5      | Found a radiant altar of Vehumet.
  5362 | D:5      | Found a staircase to the Ecumenical Temple.
  5370 | Temple   | Entered the Ecumenical Temple
  5457 | Temple   | Became a worshipper of Zin the Law-Giver
  5457 | Temple   | Reached * piety under Zin
  5527 | D:5      | Reached skill level 1 in Invocations
  5696 | D:5      | Found a snail-covered altar of Cheibriados.
  6256 | D:5      | Reached skill level 8 in Fighting
  6256 | D:5      | Reached XP level 9. HP: 75/75 MP: 9/14
  6257 | D:5      | Reached skill level 10 in Fighting
  6257 | D:5      | Reached XP level 10. HP: 85/85 MP: 9/16
  6258 | D:5      | Reached skill level 11 in Fighting
  6258 | D:5      | Reached skill level 10 in Axes
  6258 | D:5      | Reached skill level 10 in Shields
  6258 | D:5      | Reached skill level 10 in Invocations
  6258 | D:5      | Reached XP level 11. HP: 93/93 MP: 9/18
  6259 | D:5      | Gained mutation: A frigid envelope surrounds you and
                  | freezes all who hurt you. [potion of mutation]
  6352 | D:5      | Donated 121 gold pieces to Zin
  6358 | D:5      | Reached ** piety under Zin
  6630 | D:6      | Reached *** piety under Zin
  7376 | D:7      | Found a hazy altar of Hepliaklqana.
  7823 | D:7      | Found a sacrificial altar of Ru.
  8177 | D:7      | Reached **** piety under Zin
  8771 | D:8      | Reached XP level 12. HP: 14/100 MP: 20/20
  9394 | D:8      | Noticed Prince Ribbit
  9402 | D:8      | Killed Prince Ribbit
  9551 | D:8      | Found a staircase to the Lair.
  9755 | D:9      | Found a transporter.
  9756 | D:9      | Noticed an eight-headed hydra
  9772 | D:9      | Found a transporter.
  9872 | D:9      | Found an opulent altar of Gozag.
  9888 | D:9      | Reached ***** piety under Zin
 10426 | D:10     | Entered Level 10 of the Dungeon
 10533 | D:10     | Noticed Grum
 10540 | D:10     | Killed Grum
 10664 | D:10     | Reached skill level 12 in Fighting
 11063 | D:10     | Identified the +0 robe of Lugay {rF+ rN+++ Dex-5}
 11086 | D:10     | Found a broken altar of Ashenzari.
 11184 | D:10     | Found a blossoming altar of Fedhas.
 11350 | D:10     | Found Luss's Jewellery Boutique.
 11387 | D:10     | Found an iron altar of Okawaru.
 11509 | D:10     | Quit the game

Illustrated notes

Levels and vault maps discovered:
D:1:      dpeg_chamrin_arrival_tetris, layout_loops_ring
D:2:      layout_rooms
D:3:      layout_basic, mainiacjoe_overflow_24_doors, uniq_crazy_yiuf_cottage
D:4:      layout_rooms, mainiacjoe_overflow_boulevard, serial_shops,
          nicolae_shop_behind_doors, nicolae_shop_crystal, shop, shop,
          nicolae_stop_n_shop_1, uniq_robin, uniq_grinder, uniq_sigmund
D:5:      layout_loops_cross, overflow_temple_1_default, kennysheep_little_box,
          minmay_temple_entry_proselytizer, minmay_tree_intersection
D:6:      layout_basic
D:7:      layout_loops_ring, nicolae_ru_sacrificial_ziggurat, lemuel_tele_altar
D:8:      layout_loops_ring, minmay_lair_entry_grove, serial_park_tiny_1,
          uniq_prince_ribbit1
D:9:      gammafunk_the_bubble [the_bubble_gammafunk_crates], layout_basic,
          grunt_gozag_statues
D:10:     layout_basic, mainiacjoe_overflow_brackets,
          nicolae_overflow_crystal_walls, old_standard_altar, serial_shops,
          nicolae_shop_hallway_plus, uniq_grum
Temple:   hellmonk_temple_forest_ring

Skill      XL: |  1  2  3  4  5  6  7  8  9 10 11 12 |
---------------+-------------------------------------+-----
Axes           | 4 5 8 9 10 11 | 11.4
Fighting       | 4 5 8 10 11 12 | 12.0
Armour         | 4 5 7 8 9 |  9.3
Shields        | 5 6 8 9 10 11 | 11.0
Invocations    | 7 9 10 11 | 11.6

Action                   |  1- 3 |  4- 6 |  7- 9 | 10-12 || total
-------------------------+-------+-------+-------+-------++-------
Melee: War axe           |    84 |   115 |    76 |   256 ||   531
Invok: Recite            |       |       |       |    11 ||    11
       Donate Gold       |       |       |       |     1 ||     1
 Abil: Dig               |       |     2 |       |       ||     2
  Use: Scroll            |       |     6 |     7 |       ||    13
       Potion            |       |       |     2 |     5 ||     7
 Stab: Confused          |       |       |       |     6 ||     6
       Invisible         |       |       |       |     3 ||     3
Armor: Scale mail        |    34 |    43 |    30 |    50 ||   157
       Chain mail        |       |       |       |    48 ||    48
Dodge: Dodged            |    30 |    41 |    38 |   108 ||   217
Block: Buckler           |    21 |    30 |    22 |    90 ||   163
